 Dungeon Crawl Stone Soup version 0.24-a0-312-g16217b4a02 (webtiles) character file.

Game seed: 1705382515571925984

43943 HAL9000 the Unseen (level 14, -3/68 HPs)
             Began as a Vine Stalker Assassin on May 15, 2019.
             Was the Champion of Dithmenos.
             Slain by a dire elephant (11 damage)
             ... on level 6 of the Lair of Beasts.
             The game lasted 01:14:58 (20881 turns).

HAL9000 the Unseen (Vine Stalker Assassin)         Turns: 20881, Time: 01:14:58

Health: -3/68      AC: 12    Str: 15    XL:     14   Next: 26%
Magic:  0/27       EV: 11    Int: 12    God:    Dithmenos [******]
Gold:   733        SH:  6    Dex: 19    Spells: 2/13 levels left

rFire    + . .     SeeInvis .   G - +2 dagger (drain)
rCold    . . .     Gourm    .   (no shield)
rNeg     . . .     Faith    .   v - +0 leather armour
rPois    .         Spirit   +   S - +2 hat {MR+}
rElec    .         Reflect  +   C - +2 cloak
rCorr    .         Harm     .   E - +1 pair of gloves {archery}
MR       +....                  A - +0 pair of boots
Stlth    ++++++++++             y - +6 amulet of reflection
HPRegen  1.01/turn              s - ring of protection from fire
MPRegen  0.20/turn              O - ring of magical power

@: about to teleport, vulnerable, frozen, wreathed by umbra, very slow
A: fangs 3, regeneration 2, magic shield, antimagic bite, no potion heal 3, rot
immunity
a: Shadow Step, Shadow Form, Renounce Religion


You were on level 6 of the Lair of Beasts.
You worshipped Dithmenos.
Dithmenos was exalted by your worship.
You were not hungry.

You visited 2 branches of the dungeon, and saw 17 of its levels.
You also visited: Volcano.

You collected 1433 gold pieces.
You spent 700 gold pieces at shops.

Inventory:

Hand Weapons
 x - a +3 dagger
 F - a +0 scimitar of flaming
 G - a +2 dagger of draining (weapon)
Missiles
 b - 7 silver javelins
 d - 38 poisoned darts
 I - 4 boomerangs
 M - 2 throwing nets
 W - 5 atropa-tipped darts
 Y - 7 curare-tipped darts (quivered)
Armour
 v - a +0 leather armour (worn)
 A - a +0 pair of boots (worn)
 C - a +2 cloak (worn)
 E - a +1 pair of gloves of archery (worn)
 S - a +2 hat of magic resistance (worn)
Jewellery
 k - an uncursed ring of fire
 s - a ring of protection from fire (left hand)
 y - a +6 amulet of reflection (around neck)
 H - an uncursed amulet of magic regeneration
 O - a ring of magical power (right hand)
 P - an uncursed amulet of regeneration
Wands
 j - a wand of enslavement (14)
 r - a wand of random effects (14)
 w - a wand of disintegration (12)
 D - a wand of iceblast (7)
 J - a wand of paralysis (5)
 K - a wand of flame (43)
 L - a wand of digging (4)
 N - a wand of acid (10)
 R - a wand of polymorph (5)
Scrolls
 h - 9 scrolls of remove curse
 p - 2 scrolls of enchant weapon
 q - 3 scrolls of amnesia
 t - 3 scrolls of immolation {unknown}
 u - a scroll of fog
 T - a scroll of blinking {unknown}
 U - 2 scrolls of enchant armour
 X - a scroll of identify
Potions
 a - 4 potions of mutation
 e - a potion of lignification
 g - 9 potions of curing
 i - 4 potions of might
 l - a potion of cancellation
 m - 6 potions of brilliance
 o - a potion of ambrosia
 z - 2 potions of flight
 B - a potion of magic
 Q - 2 potions of haste
Comestibles
 f - 29 rations
 V - 4 chunks of flesh


   Skills:
 - Level 5.0 Fighting
 - Level 11.4 Short Blades
 - Level 8.0 Throwing
 - Level 5.0 Armour
 - Level 0.7 Dodging
 + Level 16.7 Stealth
 - Level 11.0 Hexes
 * Level 4.2 Evocations


You had 2 spell levels left.
You knew the following spells:

 Your Spells              Type           Power        Failure   Level  Hunger
a - Invisibility          Hex            ####....     54%         6    #######
b - Alistair's Intoxicat  Tmut/Pois      #.......     100%        5    ######.

Your spell library contained the following spells:

 Spells                   Type           Power        Failure   Level  Hunger
 Confusing Touch          Hex            ####..       1%          1    ##.....
 Animate Skeleton         Necr           N/A          36%         1    ##.....
 Apportation              Tloc           #.....       36%         1    ##.....
 Pain                     Necr           #...         36%         1    ##.....
 Summon Butterflies       Summ           #.......     36%         1    ##.....
 Summon Small Mammal      Summ           #...         36%         1    ##.....
 Corpse Rot               Necr           N/A          52%         2    ###....
 Passwall                 Tmut/Erth      #.......     52%         2    ###....
 Tukima's Dance           Hex            ####....     1%          3    ####...
 Leda's Liquefaction      Hex/Erth       ##........   38%         4    #####..
 Lesser Beckoning         Tloc           #.........   75%         3    ####...
 Statue Form              Tmut/Erth      #........    100%        6    #######


Dungeon Overview and Level Annotations

Branches:
Dungeon (11/15)            Temple (0/1) D:5            Lair (6/6) D:10
 Shoals (0/4) Lair:4        Snake (0/4) Lair:4        Slime (0/5) Lair:6
    Orc (0/2) D:9

Altars:
Ashenzari
Dithmenos
Elyvilon
Fedhas
Okawaru
Vehumet
Wu Jian

Shops:
D:5 :   D:7 *

Annotations:
D:8 3 runed translucent doors, Zero's ghost, novice GrBe
D:10 exclusion: ice statue
Lair:6 Sonja


Innate Abilities, Weirdness & Mutations

You have razor-sharp teeth.
You heal very quickly.
When hurt, damage is shared between your health and your magic reserves.
Your bite disrupts and absorbs the magic of your enemies.
Potions cannot restore your health.
You are immune to rotting.


Message History

The flash freeze hits you!!
You emit a cloud of dark smoke.
You are encased in ice.
The dire elephant closely misses you. The dire elephant trunk-slaps you.
The spiny frog closely misses you.
Okay, then.
Okay, then.
You hit the death yak.
The death yak is lightly wounded.
Your shadow barely misses the death yak.
The death yak gores you!!
* * * LOW HITPOINT WARNING * * *
The death yak completely misses you. The dire elephant barely misses you.
The dire elephant closely misses you.
As you read the scroll labeled OTUSHAD OVIF, it crumbles to dust.
Magic quickly surges around you.
It was a scroll of vulnerability.
You block the spiny frog's attack. The death yak gores you!
* * * LOW HITPOINT WARNING * * *
You emit a cloud of dark smoke.
The death yak barely misses you. The dire elephant tramples you!
You die...

#..#.##...#...#######
##P........
.....##.......#####
#(........P
......##..#.###...##
#..........
.##...##......#....#
##.#.##.#..
###..####..........#
#.#######. #..#
##.......... ### ##
##.# #....#.§§§..
..## ###.P#§#Y#.. ###
## ...# #.##kY@# .
##P# # .##...#
###[§FY# #P.# ###
.P.P..# ##.§.#
#..######.. .....#
##### #..........
.....# #..........
.....# ###.....#..
.#..## #....####.
#....# #....# ##
#....# ##...#


You could see a dire elephant, 2 death yaks, a spiny frog and a rime drake.

Vanquished Creatures
  Rupert (Lair:3)
  Gastronok (Lair:3)
  A stone giant (Volcano)
  2 hydras
  Harold (D:9)
  A two-headed ogre (D:10)
  A queen ant (Lair:2)
  A lindwurm (Lair:6)
  A merfolk siren (Lair:4)
  12 elephants
  Maurice (D:11)
  2 molten gargoyles
  6 spiny frogs
  A gargoyle (Volcano)
  4 komodo dragons
  7 rime drakes
  An efreet (Volcano)
  A merfolk (D:10)
  Grinder (D:3)
  24 blink frogs
  11 dream sheep
  9 hippogriffs
  Sigmund (D:6)
  A wraith (D:10)
  2 wyverns
  32 yaks
  2 fire bats (Volcano)
  Eustachio (D:5)
  8 basilisks
  Grum (D:8)
  2 fire elementals (Volcano)
  Edmund (D:4)
  3 nagas (Lair:4)
  14 water moccasins
  5 soldier ants (Lair:2)
  7 porcupines
  4 orc warriors
  3 ice beasts
  2 sky beasts
  An eye of draining (D:10)
  2 ogres
  10 wolves
  6 centaurs
  9 crocodiles
  Blork the orc (D:6)
  A big kobold (D:10)
  10 bullfrogs
  An earth elemental (Volcano)
  A water moccasin zombie (D:10)
  A scorpion (D:8)
  3 wights (D:10)
  14 killer bees
  2 electric eels
  6 howler monkeys (D:9)
  6 crimson imps
  5 lava snakes (Volcano)
  2 quasits (D:8)
  A bullfrog zombie (D:9)
  A jelly (D:5)
  3 hounds
  3 orc priests
  2 bullfrog skeletons
  9 orc wizards
  4 centaur skeletons
  6 iguanas
  Ijyb (D:3)
  14 worker ants
  A killer bee zombie (D:10)
  A hound zombie (D:6)
  Robin (D:3)
  9 gnolls
  A howler monkey skeleton (D:10)
  8 adders
  2 shadow imps (D:9)
  3 oozes
  An adder zombie (D:9)
  4 adder skeletons
  2 worms (D:3)
  A dart slug (D:1)
  5 leopard geckos
  50 orcs
  9 giant cockroaches
  13 goblins
  11 hobgoblins
  13 jackals
  5 quokkas
  A ball python (D:7)
  7 bats
  4 frilled lizards
  A jackal skeleton (D:4)
  7 kobolds
  A leopard gecko zombie (D:5)
  9 rats
474 creatures vanquished.

Vanquished Creatures (others)
  A bush (Lair:6)
  12 fungi
  3 plants
16 creatures vanquished.

Grand Total: 490 creatures vanquished

Notes
Turn   | Place    | Note
-------+----------+-------------------------------------------
     0 | D:1      | HAL9000 the Vine Stalker Assassin began the quest for the
                  | Orb.
     0 | D:1      | Reached XP level 1. HP: 11/11 MP: 2/2
   179 | D:1      | Reached XP level 2. HP: 11/15 MP: 3/3
   703 | D:1      | Reached XP level 3. HP: 18/18 MP: 4/4
  1086 | D:2      | Gained mutation: Your natural rate of healing is unusually
                  | fast. [Vine Stalker growth]
  1086 | D:2      | Reached XP level 4. HP: 23/23 MP: 5/5
  1743 | D:3      | Found a shadowy altar of Dithmenos.
  1751 | D:3      | Became a worshipper of Dithmenos the Shadowed
  1867 | D:3      | Noticed Ijyb
  1889 | D:3      | Killed Ijyb
  1889 | D:3      | Reached XP level 5. HP: 26/26 MP: 6/6
  2005 | D:3      | Found a shattered altar of Ashenzari.
  2428 | D:4      | Noticed Grinder
  2468 | D:3      | Paralysed by Grinder for 2 turns
  2585 | D:3      | Paralysed by Grinder for 2 turns
  2591 | D:3      | Reached skill level 5 in Short Blades
  2609 | D:3      | Killed Grinder
  2609 | D:3      | Reached XP level 6. HP: 7/30 MP: 3/7
  2686 | D:4      | Noticed Robin
  2722 | D:3      | Killed Robin
  2906 | D:4      | Reached * piety under Dithmenos
  3182 | D:4      | Reached XP level 7. HP: 34/34 MP: 8/8
  3366 | D:4      | Noticed Edmund
  3412 | D:4      | Killed Edmund
  3592 | D:5      | Entered Level 5 of the Dungeon
  3740 | D:4      | Gained mutation: You have razor-sharp teeth. [Vine Stalker
                  | growth]
  3740 | D:4      | Reached XP level 8. HP: 5/38 MP: 3/9
  3863 | D:5      | Reached ** piety under Dithmenos
  3931 | D:5      | Noticed Eustachio
  3972 | D:5      | Found Juojic Feyso's Book Boutique.
  4140 | D:5      | Found a staircase to the Ecumenical Temple.
  4311 | D:5      | Killed Eustachio
  4519 | D:6      | Noticed Blork the orc
  4523 | D:6      | Killed Blork the orc
  4721 | D:6      | Got a faintly humming robe
  4733 | D:6      | Identified the +1 robe of Grace {Stlth+} (You found it on
                  | level 6 of the Dungeon)
  4769 | D:6      | Reached skill level 10 in Short Blades
  4978 | D:6      | Reached XP level 9. HP: 42/42 MP: 10/10
  4980 | D:6      | Found an iron altar of Okawaru.
  5050 | D:6      | Found a radiant altar of Vehumet.
  5133 | D:6      | Noticed Sigmund
  5222 | D:6      | Killed Sigmund
  5626 | D:6      | Found an ornate altar of the Wu Jian Council.
  5656 | D:7      | Found Dizujuoj's Assorted Antiques.
  6012 | D:7      | Identified Sif Muna's Reference Book on Earthen Stolen
                  | Souls
  6176 | D:7      | Found a white marble altar of Elyvilon.
  6176 | D:7      | Found a blossoming altar of Fedhas.
  6480 | D:8      | Reached *** piety under Dithmenos
  6531 | D:8      | Noticed a kobold demonologist
  6532 | D:8      | Found a runed translucent gate.
  6532 | D:8      | Found a runed translucent gate.
  6532 | D:8      | Found a runed translucent gate.
  6543 | D:8      | Noticed Zero's ghost (novice GrBe)
  6603 | D:8      | Noticed Grum
  6608 | D:8      | Reached skill level 5 in Stealth
  6970 | D:8      | Reached skill level 6 in Stealth
  7310 | D:8      | Killed Grum
  7513 | D:9      | Noticed Harold
  7531 | D:8      | Reached skill level 7 in Stealth
  8033 | D:9      | Reached XP level 10. HP: 39/46 MP: 7/11
  8694 | D:9      | Reached **** piety under Dithmenos
  8706 | D:9      | Killed Harold
  8706 | D:9      | Reached skill level 5 in Throwing
  8706 | D:9      | Reached skill level 8 in Stealth
  9065 | D:9      | Found a staircase to the Orcish Mines.
  9349 | D:9      | Reached skill level 9 in Stealth
  9602 | D:10     | Entered Level 10 of the Dungeon
  9604 | D:10     | Found a staircase to the Lair.
  9604 | D:10     | Noticed an elephant
  9626 | D:9      | HP: 2/46 [basilisk (7)]
  9798 | D:10     | You fall through a shaft!
  9823 | D:11     | Noticed Maurice
  9849 | D:11     | Killed Maurice
 10173 | D:10     | Noticed a two-headed ogre
 10181 | D:10     | Reached skill level 10 in Stealth
 10192 | D:10     | Reached XP level 11. HP: 40/50 MP: 12/12
 10201 | D:10     | Reached ***** piety under Dithmenos
 10626 | D:10     | Reached skill level 1 in Armour
 10812 | D:10     | Killed a two-headed ogre
 11255 | Lair:1   | Entered Level 1 of the Lair of Beasts
 12449 | D:5      | Bought a book of Party Tricks for 700 gold pieces
 12558 | Lair:1   | Learned a level 6 spell: Invisibility
 12924 | Lair:2   | Found a dark tunnel.
 12964 | Volcano  | Entered a volcano
 13087 | Volcano  | Reached skill level 5 in Fighting
 13087 | Volcano  | Reached skill level 5 in Armour
 13240 | Volcano  | Reached skill level 1 in Hexes
 13270 | Volcano  | Found a bloodstained altar of Trog.
 13278 | Volcano  | Noticed a stone giant
 13720 | Volcano  | Gained mutation: You heal very quickly. [Vine Stalker
                  | growth]
 13720 | Volcano  | Reached XP level 12. HP: 24/60 MP: 4/13
 13916 | Volcano  | Killed a stone giant
 13916 | Volcano  | Reached skill level 5 in Hexes
 14174 | Lair:2   | Learned a level 5 spell: Alistair's Intoxication
 14872 | Lair:2   | Noticed a queen ant
 14876 | Lair:2   | Killed a queen ant
 15295 | Lair:3   | Noticed Gastronok
 15302 | Lair:3   | Killed Gastronok
 15656 | Lair:3   | Reached skill level 10 in Hexes
 15729 | Lair:3   | Noticed Rupert
 15732 | Lair:3   | Killed Rupert
 15732 | Lair:3   | Reached skill level 11 in Stealth
 15732 | Lair:3   | Reached XP level 13. HP: 59/63 MP: 14/14
 15741 | Lair:3   | Reached skill level 12 in Stealth
 16459 | Lair:4   | Reached skill level 13 in Stealth
 16615 | Lair:4   | Found a staircase to the Snake Pit.
 17480 | Lair:4   | Found a staircase to the Shoals.
 17931 | Lair:5   | Reached skill level 14 in Stealth
 17991 | Lair:4   | Reached skill level 1 in Evocations
 18701 | Lair:5   | Reached skill level 15 in Stealth
 19089 | Lair:6   | Entered Level 6 of the Lair of Beasts
 19136 | Lair:5   | Reached ****** piety under Dithmenos
 19364 | Lair:6   | Found a staircase to the Slime Pits.
 19873 | Lair:5   | Reached XP level 14. HP: 59/68 MP: 17/17
 20156 | Lair:6   | Reached skill level 16 in Stealth
 20231 | Lair:6   | Noticed Sonja
 20876 | Lair:6   | Noticed a dire elephant
 20881 | Lair:6   | Slain by a dire elephant

Levels and vault maps discovered:
D:1:      lightli_arrival_windingriver, layout_basic
D:2:      minmay_door_path, layout_basic
D:3:      layout_rooms, grunt_dithmenos_smoke_and_mirrors,
          chequers_serial_rivers_micro_c, palyth_stone_intersect, minivault_23,
          nicolae_ashenzari_panopticon, uniq_ijyb
D:4:      layout_rooms, st_stairs_9, uniq_robin, uniq_grinder, uniq_edmund
D:5:      minmay_evil_eye, layout_rooms, minmay_temple_entry_gardened_gates,
          serial_shops, shop, first_ration, uniq_eustachio
D:6:      layout_loops_cross, kennysheep_mini_moat,
          lemuel_coloured_pillars_altar, kennysheep_mini, uniq_blork_the_orc,
          uniq_sigmund
D:7:      layout_loops_cross, gammafunk_temple_overflow_statue, serial_shops,
          nicolae_shop_crystal
D:8:      layout_gridville, gammafunk_ghost_nasty_kobolds, uniq_grum
D:9:      layout_roguey, hiddenorc2_lemuel, nrook_uturn, uniq_harold
D:10:     minmay_bloctagon_deflated, layout_irregular_city, david_lair_generic,
          hangedman_fish_farm, minivault_16
D:11:     layout_roguey, uniq_snorg, uniq_maurice
Lair:1:   layout_loops_ring, lemuel_fruit_tree
Lair:2:   layout_chaotic_city, portal_ice_cave_entry_pillars_1,
          lightli_volcano_entry_magma_tube, wad_woods_antlair,
          serial_bayou_shore_a, lemuel_fruit_fields
Lair:3:   layout_long_grid, uniq_rupert, uniq_gastronok
Lair:4:   layout_gridlike, elwin_shoals_entry_rooms,
          guppyfry_snake_entry_island, st_stairs_7, serial_bayou_shore_b
Lair:5:   layout_hall_layers
Lair:6:   hangedman_lair_in_review, layout_long_grid, guppyfry_lair_end_dragon,
          dpeg_slime_entry_corner, minmay_lair_drake_nest, grunt_megastairs_2,
          uniq_sonja

Skill      XL: |  1  2  3  4  5  6  7  8  9 10 11 12 13 14 |
---------------+-------------------------------------------+-----
Short Blades   | 2 3 4 6 8 10 11 | 11.4
Throwing       | 3 7 8 |  8.0
Stealth        | 7 10 11 15 16 | 16.7
Fighting       | 5 |  5.0
Armour         | 5 |  5.0
Hexes          | 4 10 11 | 11.0
Evocations     | 3 4 |  4.2
Dodging        | |  0.7

Action                   |  1- 3 |  4- 6 |  7- 9 | 10-12 | 13-15 || total
-------------------------+-------+-------+-------+-------+-------++-------
Melee: Dagger            |    71 |   221 |   427 |  1007 |   804 ||  2530
       Bite              |    13 |    64 |   115 |   345 |   347 ||   884
       Scimitar          |       |       |       |       |     9 ||     9
Throw: Throwing net      |       |     1 |     2 |    10 |     2 ||    15
       Dart              |       |     1 |    14 |    13 |     8 ||    36
       Javelin           |       |       |    12 |    17 |       ||    29
       Boomerang         |       |       |       |     7 |     7 ||    14
Invok: Shadow Step       |       |       |       |     3 |     2 ||     5
Evoke: Wand              |       |     4 |       |       |       ||     4
  Use: Scroll            |     1 |     4 |    10 |    16 |     4 ||    35
       Potion            |       |       |       |     6 |     1 ||     7
 Stab: Sleeping          |     9 |    12 |    23 |    34 |    20 ||    98
       Held in net/web   |       |     1 |     2 |     2 |       ||     5
       Distracted        |       |     1 |       |     4 |     8 ||    13
       Confused          |       |     1 |       |       |       ||     1
       Invisible         |       |       |       |     1 |     2 ||     3
  Eat: Chunk             |     1 |     6 |    16 |    12 |    16 ||    51
       Ration            |       |       |       |     4 |       ||     4
Armor: Robe              |    17 |    23 |    41 |   134 |     1 ||   216
       Animal skin       |       |     7 |       |       |       ||     7
       Leather armour    |       |     6 |    46 |       |   192 ||   244
Dodge: Dodged            |    35 |    85 |   212 |   298 |   285 ||   915
Block: Other             |       |       |    55 |   151 |   132 ||   338
       Reflection        |       |       |     6 |     4 |     1 ||    11
       Rpst.: Scimitar   |       |       |       |       |     1 ||     1

Table legend:
 A = Non-vault XP
 B = Vault XP
 C = Vault XP percentage of total XP
 D = Non-vault monster count
 E = Vault monster count
 F = Vault count percentage of total count
                 A         B        C        D         E       F
            +---------+---------+-------+---------+---------+-------
      Total |   39534 |   23243 |  37.0 |     352 |     122 |  25.7
            +---------+---------+-------+---------+---------+-------
        D:1 |      35 |       0 |   0.0 |      18 |       0 |   0.0
        D:2 |      58 |      26 |  31.0 |      21 |       5 |  19.2
        D:3 |     103 |     311 |  75.1 |      26 |       4 |  13.3
        D:4 |     641 |     221 |  25.6 |      21 |      12 |  36.4
        D:5 |     146 |     255 |  63.6 |      14 |       3 |  17.6
        D:6 |     841 |     314 |  27.2 |      20 |       2 |   9.1
        D:7 |     203 |       0 |   0.0 |       9 |       0 |   0.0
        D:8 |     842 |     689 |  45.0 |      18 |       5 |  21.7
        D:9 |    1525 |    1781 |  53.9 |      28 |      35 |  55.6
       D:10 |    2133 |    2053 |  49.0 |      33 |       6 |  15.4
       D:11 |       0 |     445 | 100.0 |       0 |       1 | 100.0
     Lair:1 |    3612 |       0 |   0.0 |      20 |       0 |   0.0
     Lair:2 |    3878 |    1894 |  32.8 |      19 |      13 |  40.6
     Lair:3 |    3205 |    5001 |  60.9 |      13 |       2 |  13.3
     Lair:4 |    8081 |    1254 |  13.4 |      34 |       5 |  12.8
     Lair:5 |   10378 |     252 |   2.4 |      42 |       1 |   2.3
     Lair:6 |    3853 |    5050 |  56.7 |      16 |      14 |  46.7
    Volcano |       0 |    3697 | 100.0 |       0 |      14 | 100.0
            +---------+---------+-------+---------+---------+-------
